Workbook

Sheet Mapa de riesgo Corrupción
G1: MATRIZ DE RIESGOS DE CORRUPCIÓN - VIGENCIA 2026 | W1: CÓDIGO: NA
W2: VERSIÓN: 2,0
W3: FECHA: ENERO DE 2026
A4: No. | B4: PROCESO | C4: IMPACTO | D4: NOMBRE DEL RIESGO | E4: CAUSAS | F4: CONSECUENCIAS | G4: CLASIFICACION DEL RIESGO | H4: PROBABILIDAD: 1. 20%: Muy Baja, 2. 40%: Baja, 3. 60%: Media, 4. 80%: Alta, 5. 100%: Muy Alta, | I4: IMPACTO: 1. 20%: Leve, 2: 40%: Menor, 3: 60%: Moderado, 4: 80%: Mayor, 5: 100%: Catastrófico | J4: ZONA DE RIESGO | K4: DESCRIPCIÓN DE ACCIONES A REALIZAR O QUE SE ESTAN REALIZANDO | L4: AFECTACION | N4: ATRIBUTOS | T4: ZONA DE RIESGO RESIDUAL | W4: TRATAMIENTO | Z4: SEGUIMIENTO LÍDER DE PROCESO
J5: EVALUACIÓN (Ver Matriz de Calor) | L5: Probabilidad | M5: Impacto | N5: Tipo | O5: Implementación | P5: Calificación | Q5: Documentación | R5: Frecuencia | S5: Evidencia | T5: OPCION DE MANEJO DEL RIESGO: Reducir, Aceptar, Evitar | U5: Probalidad Final % | V5: Impacto Residual Final % | W5: PLAN DE ACCIÓN | X5: RESPONSABLE | Y5: FECHA DE IMPLEMENTACION | Z5: FECHA DE SEGUIMIENTO | AA5: INFORME DE SEGUIMIENTO
A6: 1 | B6: TALENTO HUMANO | C6: Afectación Reputacional | D6: Falsedad en documento público o privado. Falsificacion de documento en la selección (diplomas, certificados) para la vinculación a la entidad. | E6: Falta de control en el manejo de la informacion solicitada | F6: Mala imagen de la entidad, sanciones disciplinarias y legales, perdidas economicas, perdida de transparencia. | G6: FRAUDE INTERNO | H6: Baja 40% | I6: Mayor 80% | J6: =VLOOKUP(H6,'MATRIZ DE CALOR'!$C$2:$H$7,MATCH('Mapa de riesgo Corrupción'!I6,'MATRIZ DE CALOR'!$C$2:$H$2,0),FALSE) -> Alto | K6: Fortalecer mecanismos de control en la recepción y manejo de la documentación | L6: X | M6: X | N6: CONTROL DETECTIVO | O6: MANUAL | P6: 0.4 | Q6: DOCUMENTADO | R6: CONTINUA | S6: CON REGISTRO | T6: EVITAR | U6: Media 60% | V6: Mayor 80% | W6: Fortalecer mecanismos de control en la recepción y manejo de la documentación | X6: Talento humano y contratación | Y6: Permanente | Z6: 30/04/2026 | AA6: Se verifica la información, academica y certificaciones laborales suminstrada por los funcionarios y contratistas
A7: =A6+1 -> 2 | C7: Afectación Reputacional | D7: Tramitar Vinculaciones de personas a favor de terceros | E7: 1. Influencia de terceros para vinculacion en la entidad. 2. Intereses personales para favorecer a un tercero | F7: Vinculación de funcionarios sin cumplir los requisitos, Demanda a la entidad y sanciones disciplinarias y legales. | G7: FRAUDE INTERNO | H7: Baja 40% | I7: Moderado 60% | J7: =VLOOKUP(H7,'MATRIZ DE CALOR'!$C$2:$H$7,MATCH('Mapa de riesgo Corrupción'!I7,'MATRIZ DE CALOR'!$C$2:$H$2,0),FALSE) -> Moderado | K7: Fortalecer mecanismos de control en la recepción y manejo de la documentación | L7: x | M7: X | N7: CONTROL PREVENTIVO | O7: MANUAL | P7: 0.3 | Q7: DOCUMENTADO | R7: CONTINUA | S7: CON REGISTRO | T7: EVITAR | U7: Baja 40% | V7: Catastrófico 100% | W7: 1. Revisión y verificación de la documentación requerida 2. ejecución procedimiento de vinculación | X7: Talento humano y contratación | Y7: Permanente | Z7: 30/04/2026 | AA7: Se contrata la documentación suministrada con las diferentes plataformas que generan información para el personal de planta y contratistas
A8: 3 | C8: Afectación Reputacional | D8: Posibilidad de pérdida reputacional por queja o reclamo de los grupos de valor por vinculación de personal en favor de un tercero. | E8: Por queja o reclamo de los grupo de valor, Intereses personales para favorecer a un tercero, Influencia de Terceros para vinculación en Función Pública | F8: Vinculación de personal en favor de un tercero, Afectación del clima laboral. | G8: FRAUDE INTERNO | H8: Baja 40% | I8: Moderado 60% | J8: =VLOOKUP(H8,'MATRIZ DE CALOR'!$C$2:$H$7,MATCH('Mapa de riesgo Corrupción'!I8,'MATRIZ DE CALOR'!$C$2:$H$2,0),FALSE) -> Moderado | K8: El profesional de vinculación cada vez que se vaya a cubrir una vacante aplica el procedimiento establecido para vinculación de personal diligenciando el formato Análisis de cumplimiento de requisitos mínimos, con el fin de verificar el cumplimiento de requisitos. En caso que el candidato no cumpla los requisitos establecidos para la provisión se iniciaría nuevamente el procedimiento. | M8: X | N8: CONTROL PREVENTIVO | O8: MANUAL | P8: 0.4 | Q8: DOCUMENTADO | R8: CONTINUA | S8: CON REGISTRO | T8: EVITAR | U8: Muy Baja 20% | V8: Catastrófico 100% | W8: El profesional de vinculación cada vez que se vaya a cubrir una vacante verificará los requisitos del cargo en el manual de funciones vigente. En caso de no cumplir requisitos informara al líder de la dependencia solicitante. | X8: Talento Humano | Y8: Permanente | Z8: 30/04/2026 | AA8: el funcionario verifica el perfil del cargo, funciones con las competencias, de no cumplir se le comunica al jefe del area
A9: =A8+1 -> 4 | C9: Afectación Reputacional | D9: Favorecimiento de un privado durante la identificación de necesidades en los procesos de selección de proveedores | E9: Falta de Información sobre el proceso a contratar. Interpretación técnica y subjetividad en términos. Uso excesivo del poder. | F9: Acciones legales o disciplinarias. Investigaciones y pérdida de recursos. Productos y servicios que no satisfacen las necesidades. | G9: FRAUDE INTERNO | H9: Muy Baja 20% | I9: Moderado 60% | J9: =VLOOKUP(H9,'MATRIZ DE CALOR'!$C$2:$H$7,MATCH('Mapa de riesgo Corrupción'!I9,'MATRIZ DE CALOR'!$C$2:$H$2,0),FALSE) -> Moderado | K9: El profesional del area de recursos humanos cada vez que se realiza un proceso de contratación, socializa y hace públicas las necesidades, la justificación y la argumentación de la contratación en los Comités de contratación, en caso de inquietudes sobre sobre la contratación, sustenta las razones de las mismas. | L9: X | N9: CONTROL PREVENTIVO | O9: MANUAL | P9: 0.4 | Q9: DOCUMENTADO | R9: CONTINUA | S9: CON REGISTRO | T9: EVITAR | U9: Muy Baja 20% | V9: Leve 20% | W9: El profesional del area de recursos humanos cada vez que se requiera atender solicitudes de contratación, formaliza en el comité, las fichas técnicas asociadas a las necesidades de contratación. En caso que el comité de contratación tenga alguna observación sobre la ficha, el líder realizará la sustentación. | X9: Talento Humano | Y9: Permanente | Z9: 30/04/2026 | AA9: Se formalizan las vacantes y su provisión atraves del comité de contratación
A10: =A9+1 -> 5 | B10: DIRECCIÓN GENERAL | C10: Afectación Reputacional | D10: Destinación de recursos públicos de forma indebida en favor de un privado o tercero. | E10: Abuso de poder. Tráfico de influencias. Desconocimiento o inadecuada aplicación de la normativa vigente, de lineamientos y procedimientos | F10: Incumplimiento de objetivos y metas institucionales. Sanciones disciplinarias, fiscales y/o penales. | G10: EJECUCIÓN Y ADMINISTRACIÓN DE PROCESOS | H10: Muy Baja 20% | I10: Menor 40% | J10: =VLOOKUP(H10,'MATRIZ DE CALOR'!$C$2:$H$7,MATCH('Mapa de riesgo Corrupción'!I10,'MATRIZ DE CALOR'!$C$2:$H$2,0),FALSE) -> Bajo | K10: El líder de cada area, con el fin de prevenir actuaciones indebidas, socializa y retroalimenta a cada equipo las posibles incidencias. En caso de identificar posibles actuaciones indebidas, se solicita la intervención del ente de control respectivo. | M10: X | N10: CONTROL PREVENTIVO | O10: MANUAL | P10: 0.4 | Q10: DOCUMENTADO | R10: CONTINUA | S10: CON REGISTRO | T10: EVITAR | U10: Muy Baja 20% | V10: Mayor 80% | W10: El líder de cada área, con el fin de validar la debida aplicación de los procedimientos efectuara prueba de recorrido aleatorias. En el caso de identificar inconsistencias se procederá a evaluar. | X10: Lider de cada área | Y10: Permanente | Z10: 30/04/2026 | AA10: Se revisan la debida aplicación de los procedimientos en las actuaciones de la entidad
A11: 6 | C11: Afectación Reputacional | D11: Cohecho para ejecutar el pago de cuentas a los contratistas de bienes o prestación de servicios. | E11: Intereses personales, No utilización de canales de comunicación internos para incentivar la práctica de principios éticos. | F11: Mala imagen institucional falta de transparencia. | G11: FRAUDE INTERNO | H11: Muy Baja 20% | I11: Mayor 80% | J11: =VLOOKUP(H11,'MATRIZ DE CALOR'!$C$2:$H$7,MATCH('Mapa de riesgo Corrupción'!I11,'MATRIZ DE CALOR'!$C$2:$H$2,0),FALSE) -> Alto | K11: Auditorías entes de control, Control Interno, Control Disciplinario. | M11: x | N11: CONTROL PREVENTIVO | O11: MANUAL | P11: 0.3 | Q11: DOCUMENTADO | R11: CONTINUA | T11: REDUCIR | U11: Muy Baja 20% | V11: Mayor 80% | W11: Cumplir con todas las directrices y procedimientos establecidos en cada uno de los procesos de la entidad. Cumplir con las normas vigentes. Aplicar el código de ética y de Integridad. | X11: Dirección General | Y11: Permanente | Z11: 30/04/2026 | AA11: se aplican los procedimientos establecidos y orientados por las normas siempre preservando el codigo de etica publica
A12: 7 | B12: ATENCIÓN AL CIUDADANO | C12: Afectación Reputacional | D12: Prestar servicios de asesoría no autorizados utilizando el rol de contratista o funcionario de la Entidad, aprovechando los recursos públicos para el beneficio de un privado. | E12: Incumplimiento del código de ética e integridad del profesional asignado. Deficiencia en el seguimiento y control de la prestación del servicio de asesoría. Utilización de recursos e información pública con propósitos políticos o económicos de forma particular. | F12: Deterioro de la imagen institucional. Disminución de calidad y oportunidad de las asesorías asignadas. | G12: USUARIOS, PRODUCTOS Y PRÁCTICAS | H12: Muy Baja 20% | I12: Mayor 80% | J12: =VLOOKUP(H12,'MATRIZ DE CALOR'!$C$2:$H$7,MATCH('Mapa de riesgo Corrupción'!I12,'MATRIZ DE CALOR'!$C$2:$H$2,0),FALSE) -> Alto | K12: El responsable de la planeación de proyectos permanentemente, con el fin de verificar el adecuado ejercicio de la asesoría, verifica las evidencias de acuerdo con la programación de las metas o objetivos de ese momento. | M12: x | N12: CONTROL PREVENTIVO | O12: MANUAL | P12: 0.4 | Q12: DOCUMENTADO | R12: CONTINUA | S12: CON REGISTRO | T12: EVITAR | U12: Muy Baja 20% | V12: Mayor 80% | W12: El profesional del area cada vez que ingresa un nuevo contratista, con el fin de concientizar sobre su rol y sobre las limitaciones de su actuación e implicaciones disciplinarias y legales, realiza socialización en la inducción de los deberes, obligaciones contractuales y aspectos éticos a tener en cuenta durante la ejecución del contrato. En caso de no realizarse la inducción se dejará las recomendaciones de tipo ético. | X12: Subdirección Corporativa / Atención al Ciudadano | Y12: Permanente | Z12: 30/04/2026 | AA12: El funcionario realiza inducción sobre su rol al personal contratistas de conformidad con el codigo de etica
A13: 8 | B13: FINANCIERA | C13: Afectación Reputacional | D13: Autorizar el pago de cuentas a contratistas de bienes o prestación de servicios sin cumplir con los requisitos que exige la ley. | E13: Intereses personales, Falta de interés por parte de la dirección para mantener programas a favor de la ética. | F13: Investigaciones fiscales y disciplinarias, falta de transparencia | G13: USUARIOS, PRODUCTOS Y PRÁCTICAS | H13: Muy Baja 20% | I13: Mayor 80% | J13: =VLOOKUP(H13,'MATRIZ DE CALOR'!$C$2:$H$7,MATCH('Mapa de riesgo Corrupción'!I13,'MATRIZ DE CALOR'!$C$2:$H$2,0),FALSE) -> Alto | K13: Auditorías entes de control, Control Interno, Control Disciplinario | M13: X | N13: CONTROL PREVENTIVO | O13: MANUAL | P13: 0.3 | Q13: DOCUMENTADO | R13: CONTINUA | S13: CON REGISTRO | T13: REDUCIR | U13: Muy Baja 20% | V13: Mayor 80% | W13: Cumplir con todas las directrices y procedimientos establecidos en cada uno de los procesos de la entidad. Cumplir con las normas vigentes. Aplicar el código de ética y de Integridad. | X13: Dirección general y financiera. | Y13: Permanente | Z13: 30/04/2026 | AA13: En la entidad durante el cuatrimestre no se han presentado pagos sin el lleno de los requisitos legales.
A14: 9 | C14: Afectación Reputacional | D14: Pérdida de la infomación Presupuestal | E14: Ausencia de politicas y procedimientos de la información, No tener los recursos tecnologicos para reproducir la información. Intervencion indebida de un servidos público para alterar el sistema y borrar la información. | F14: Perdida de seguridad, confiable e integridad de la información. Fuga de información privilegiada y posibles sanciones. Reprocesos, perdidas económicas y posibles sanciones a la entidad o servidores responsables | G14: USUARIOS, PRODUCTOS Y PRÁCTICAS | H14: Muy Baja 20% | I14: Moderado 60% | J14: =VLOOKUP(H14,'MATRIZ DE CALOR'!$C$2:$H$7,MATCH('Mapa de riesgo Corrupción'!I14,'MATRIZ DE CALOR'!$C$2:$H$2,0),FALSE) -> Moderado | K14: Establecer, impementary hacer seguimento a actividades de control que minimice la posibilidad de perdida de la informacón. | M14: X | N14: CONTROL PREVENTIVO | O14: MANUAL | P14: 0.4 | Q14: DOCUMENTADO | R14: CONTINUA | S14: CON REGISTRO | T14: EVITAR | U14: Muy Baja 20% | V14: Moderado 60% | W14: Establecer, impementar y hacer seguimento a actividades de control que minimice la posibilidad de perdida de la informacón. | X14: Gestión financiera | Y14: Permanente | Z14: 30/04/2026 | AA14: La entidad realiza copias de seguridad de la información
A15: =A14+1 -> 10 | C15: Afectación Reputacional | D15: Riesgo de corrupción en la planeación, liquidación, ejecución y cierre presupuestal: Expedición de vigencias futuras sin autorización para beneficiar los intereses de terceros. Desconocimiento en cambios normativos. | E15: Incumplimiento de los principios del sistema presupuestal en beneficio de terceros. | F15: Problemas para la entidad ante los entes reguladores a los cuales se les rinde cuenta de los resultados obtenidos en la vigencia fiscal. | G15: EJECUCIÓN Y ADMINISTRACIÓN DE PROCESOS | H15: Muy Baja 20% | I15: Mayor 80% | J15: =VLOOKUP(H15,'MATRIZ DE CALOR'!$C$2:$H$7,MATCH('Mapa de riesgo Corrupción'!I15,'MATRIZ DE CALOR'!$C$2:$H$2,0),FALSE) -> Alto | K15: Se solicita mediante circular para el cierre de la vigencia, que los supervisores de los contratos informen acerca de la situación de los mismos, si es necesario clasificar para su cierre como cuentas por pagar o reserva. | M15: x | N15: CONTROL DETECTIVO | O15: MANUAL | P15: 0.3 | Q15: DOCUMENTADO | R15: CONTINUA | S15: CON REGISTRO | T15: EVITAR | U15: Muy Baja 20% | V15: Leve 20% | W15: Elaborar una planeación presupuestal real, es decir, que lo establecido se acerque a la proyección real de cumplimieto de la entidad y mantener los controles durante su ejecución. | X15: Gestión financiera | Y15: Permanente | Z15: 30/04/2026 | AA15: La entidad realiza los cierres de acuerdo a la normativa vigente
A16: =A15+1 -> 11 | C16: Afectación Reputacional | D16: Que se expidan certificados sin la verificación de la solicitud de disponibilidad presupuestal. | E16: 'Incumplimiento de los principios del sistema presupuestal en beneficio de terceros. | F16: No credibilidad en los tramites presentados en la entidad. | G16: EJECUCIÓN Y ADMINISTRACIÓN DE PROCESOS | H16: Media 60% | I16: Mayor 80% | J16: =VLOOKUP(H16,'MATRIZ DE CALOR'!$C$2:$H$7,MATCH('Mapa de riesgo Corrupción'!I16,'MATRIZ DE CALOR'!$C$2:$H$2,0),FALSE) -> Alto | K16: Control a través del software en el proceso de elaboración del certificado de disponibilidad y registro presupuestal . La solicitud de disponibilidad presupuestal, esté firmada por el funcionario autorizado, con el fin de evitar que se soliciten disponibilidades presupuestales por funcionarios diferentes a los autorizados y/o que contengan firmas falsificadas. | M16: x | N16: CONTROL PREVENTIVO | O16: MANUAL | P16: 0.4 | Q16: SIN DOCUMENTAR | R16: CONTINUA | S16: CON REGISTRO | T16: EVITAR | U16: Muy Baja 20% | V16: Leve 20% | W16: Realizar revisión de los requisitos legales cada vez que se requiera CDP y RP al interior de la entidad. | X16: Gestión financiera | Y16: Permanente | Z16: 30/04/2026 | AA16: La entidad elabora las solicitudes de acuerdo a las solicitudes requeridas
A17: =A16+1 -> 12 | B17: TICs | C17: Afectación Reputacional | D17: Expedición de certificados sin tener competencia para beneficio propio o de terceros. | E17: Modificación de la información concerniente a los procesos administrativos y asistenciales por parte de personal no autorizado. | F17: Sanciones disciplinarias y legales. Divulgación de información privada. Mala imagen de la institución. | G17: USUARIOS, PRODUCTOS Y PRÁCTICAS | H17: Muy Baja 20% | I17: Moderado 60% | J17: =VLOOKUP(H17,'MATRIZ DE CALOR'!$C$2:$H$7,MATCH('Mapa de riesgo Corrupción'!I17,'MATRIZ DE CALOR'!$C$2:$H$2,0),FALSE) -> Moderado | K17: Implementación de la seguridad en los servidores donde se encuentra el sistema de información de la entidad. | M17: x | N17: CONTROL CORRECTIVO | O17: MANUAL | P17: 0.3 | Q17: DOCUMENTADO | R17: CONTINUA | S17: SIN REGISTRO | T17: REDUCIR | U17: Muy Baja 20% | V17: Catastrófico 100% | W17: Fortalecer la seguridad y realizar seguimientos a efectos de monitorear los intentos de acceso no autorizados. | X17: Jefe del area TICs | Y17: Permanente | Z17: 30/04/2026 | AA17: Durante el primer cuatrimestre de 2026, el área de TICs implementó controles de seguridad en los servidores institucionales, incluyendo la actualización de contraseñas de acceso a plataformas y la revisión de roles y privilegios de usuarios. Se realizaron copias de seguridad periódicas de la información. No se registraron incidentes de acceso no autorizado ni modificación indebida de información. Se mantiene el control correctivo documentado de forma continua. El riesgo se encuentra en nivel de tratamiento REDUCIR conforme a lo establecido.
A18: =A17+1 -> 13 | B18: JURÍDICA Y CONTRATACIÓN | C18: Afectación Reputacional | D18: Trafico de influencias para la emisión de conceptos, que puedan beneficiar a personas en particular. | E18: Intereses particulares, amiguismo y trafico de influencias. | F18: Investigación disciplinaria. Baja gestión de la entidad | G18: FRAUDE INTERNO | H18: Muy Baja 20% | I18: Moderado 60% | J18: =VLOOKUP(H18,'MATRIZ DE CALOR'!$C$2:$H$7,MATCH('Mapa de riesgo Corrupción'!I18,'MATRIZ DE CALOR'!$C$2:$H$2,0),FALSE) -> Moderado | K18: Revisión de los conceptos por parte de el asesor Juridico responsable del proceso. | L18: X | N18: CONTROL PREVENTIVO | O18: MANUAL | P18: 0.25 | Q18: DOCUMENTADO | R18: CONTINUA | S18: CON REGISTRO | T18: REDUCIR | U18: Muy Baja 20% | V18: Moderado 60% | W18: Realización de guia con conceptos para evitar malos tramites. | X18: Area Jurídica | Y18: Permanente | Z18: 30/04/2026 | AA18: Actualmente no se estan direccionando las respuestas de PQRSD ni los proyectos de actos administrativos en la entidad, para la revisión por parte de la oficina juridica y de gestión contractual, lo cual genera un alto riesgo juridico.
A19: 14 | C19: Afectación Reputacional | D19: Inducción al error por parte del contratista al servidor como quiera que allegan documentos adulterados para provecho propio y el funcionario o contratista no los revisan adecuadamente para favorecer a un tercero. | E19: Nulidad del contrato o del proceso contractual por celebración indebida o por manipulación de información al momento de realizar la contratación. | F19: Mala imagen de la entidad, sanciones. | G19: FRAUDE INTERNO | H19: Muy Baja 20% | I19: Mayor 80% | J19: =VLOOKUP(H19,'MATRIZ DE CALOR'!$C$2:$H$7,MATCH('Mapa de riesgo Corrupción'!I19,'MATRIZ DE CALOR'!$C$2:$H$2,0),FALSE) -> Alto | K19: Verificación de soportes allegados por los proponentes o futuros contratitas, con la fuente y soportar el resultado de la averiguación. | L19: x | N19: CONTROL DETECTIVO | O19: MANUAL | P19: 0.3 | Q19: DOCUMENTADO | R19: CONTINUA | S19: CON REGISTRO | T19: EVITAR | U19: Muy Baja 20% | V19: Leve 20% | W19: Verificar la documentación de parte de las áreas involucradas en los procesos contractuales. | X19: Gestión jurídica y contractual | Y19: Permanente | Z19: 30/04/2026 | AA19: En la actualidad los documentos fisicos se recepcionan mediante la oficina de atención al ciudadano y asi mismo en materia contractual a travez de la plataforma secop ii, los cuales se les realiza la respectiva verificacion con el fin de evitar situaciones que alteren el orden juridico de la actividad o contrato segun el caso.
A20: 15 | C20: Afectación Reputacional | D20: Interés por direccionar los requisitos habilitantes en un proceso contractual a fin de favorecer a un oferente buscando la primacía del interés particular antes que el general. | E20: Celebración Indebida de Contratos | F20: Mala imagen de la entidad, sanciones. | G20: FRAUDE INTERNO | H20: Media 60% | I20: Catastrófico 100% | J20: =VLOOKUP(H20,'MATRIZ DE CALOR'!$C$2:$H$7,MATCH('Mapa de riesgo Corrupción'!I20,'MATRIZ DE CALOR'!$C$2:$H$2,0),FALSE) -> Extremo | K20: Analizar contratos similares, celebrados por otras entidades, a fin de establecer requisitos habilitantes que permita la pluralidad de oferentes. | L20: X | N20: CONTROL PREVENTIVO | O20: MANUAL | P20: 0.4 | Q20: DOCUMENTADO | R20: CONTINUA | S20: CON REGISTRO | T20: EVITAR | U20: Muy Baja 20% | V20: Menor 40% | W20: Revisión y verificación exhaustiva de documentación | X20: Gestión jurídica y contractual | Y20: Permanente | Z20: 30/04/2026 | AA20: La oficina juridica y de gestión contractual se ciñe a lo establecido en la constitución, la ley y sus respectivos decretos, asi mismo sigue los lineamientos establecidos en el manual de contratacion de la entidad y se apoya en los conceptos tecnicos de las areas involucradas en el proceso de contratación con el objetivo de presentar un proyecto conforme a las necesidades de la entidad sin que ello altere el orden normativo.
A21: =A20+1 -> 16 | B21: GESTIÓN DOCUMENTAL | C21: Afectación Reputacional | D21: Perdida de los documentos o Alteración de expedientes | E21: Acumulación excesiva de documentos en las oficinas, Ausencia de control de prestamo dcumental, asignación inadecuada de persona idóneo para labores de archivo, falta de seguimiento en la información, virus informaticos | F21: Perdida de memoria documental de la Entidad. Imposibilidad de dar cumplimientos a los requerimientos normativos. | G21: USUARIOS, PRODUCTOS Y PRÁCTICAS | H21: Media 60% | I21: Moderado 60% | J21: =VLOOKUP(H21,'MATRIZ DE CALOR'!$C$2:$H$7,MATCH('Mapa de riesgo Corrupción'!I21,'MATRIZ DE CALOR'!$C$2:$H$2,0),FALSE) -> Moderado | K21: Capacitaciones organización documental, formatos de control documental. | M21: X | N21: CONTROL PREVENTIVO | O21: MANUAL | P21: 0.5 | Q21: DOCUMENTADO | R21: CONTINUA | S21: CON REGISTRO | T21: ACEPTAR | U21: Media 60% | V21: Moderado 60% | W21: Seguimiento de control para la aplicación de la normatividad establecida, para la organización de documentos. Seguimiento control de calidad en los registros creados. | X21: Subdirección corporativa | Y21: Permanente | Z21: 30/04/2026 | AA21: Desde el año 2024, la entidad adelanta el proceso de digitalización de toda la información contractual, fortaleciendo el seguimiento y control para la aplicación de la normatividad documental, así como la verificación de la calidad e integridad de los registros generados.
A22: =A21+1 -> 17 | C22: Afectación Reputacional | D22: Respuesta extemporánea de comunicaciones oficiales. | E22: Falta de control de radicados asiganados. Desconocimiento de las funciones y temas asignados a la subdirección. Alteración de radicados. Mala asignación de radicados. | F22: Imposibilidad de dar cumplimiento a tiempo a los requerimientos normativos y entes de control. | G22: USUARIOS, PRODUCTOS Y PRÁCTICAS | H22: Muy Baja 20% | I22: Moderado 60% | J22: =VLOOKUP(H22,'MATRIZ DE CALOR'!$C$2:$H$7,MATCH('Mapa de riesgo Corrupción'!I22,'MATRIZ DE CALOR'!$C$2:$H$2,0),FALSE) -> Moderado | K22: Seguimiento control de radicados asignados. | M22: X | N22: CONTROL DETECTIVO | O22: MANUAL | P22: 0.3 | Q22: DOCUMENTADO | R22: CONTINUA | S22: CON REGISTRO | T22: EVITAR | U22: Muy Baja 20% | V22: Moderado 60% | W22: Seguimiento, asignación comunicaciones oficiales, seguimiento y direccionamiento al trámite de comunicaciones. | X22: Subdirección corporativa | Y22: Permanente | Z22: 30/04/2026 | AA22: El seguimiento, asignación y direccionamiento de las comunicaciones oficiales se está gestionando desde el área de Atención al Ciudadano, con el fin de fortalecer el control, trazabilidad y seguimiento oportuno de los trámites y solicitudes recibidas. Actualmente, este proceso se encuentra en mejora continua para optimizar su eficiencia y cobertura institucional.

Sheet MATRIZ DE CALOR
D1: Impacto
D2: Leve 20% | E2: Menor 40% | F2: Moderado 60% | G2: Mayor 80% | H2: Catastrófico 100%
B3: Probabilidad | C3: Muy Alta 100% | D3: Alto | E3: Alto | F3: Alto | G3: Alto | H3: Extremo | J3: Extremo
C4: Alta 80% | D4: Moderado | E4: Moderado | F4: Alto | G4: Alto | H4: Extremo | J4: Alto
C5: Media 60% | D5: Moderado | E5: Moderado | F5: Moderado | G5: Alto | H5: Extremo | J5: Moderado
C6: Baja 40% | D6: Bajo | E6: Moderado | F6: Moderado | G6: Alto | H6: Extremo | J6: Bajo
C7: Muy Baja 20% | D7: Bajo | E7: Bajo | F7: Moderado | G7: Alto | H7: Extremo
D8: Leve 20% | E8: Menor 40% | F8: Moderado 60% | G8: Mayor 80% | H8: Catastrófico 100%
C11: Probabilidad | D11: Media 60% | E11: =VLOOKUP(D11,$C$2:$H$7,MATCH(D12,$C$2:$H$2,0),FALSE) -> Extremo
C12: Impacto | D12: Catastrófico 100%
